 Dungeon Crawl Stone Soup version 0.30.2 (webtiles) character file.

Game seed: 10858844584815291070

2218 Midpoint the Tainter (level 9, -3/53 HPs)
             Began as an Octopode Venom Mage on Feb 16, 2024.
             Was a Believer of Vehumet.
             Killed from afar by a gargoyle (20 damage)
             ... with a stone arrow
             ... in a bailey.
             The game lasted 00:38:01 (6846 turns).

Midpoint the Tainter (Octopode Venom Mage)          Turns: 6846, Time: 00:38:01

Health: -3/53      AC:  8    Str:  8    XL:     9   Next: 35%
Magic:  0/15       EV: 13    Int: 21    God:    Vehumet [**....]
Gold:   362        SH:  0    Dex: 12    Spells: 5/16 levels left

rFire   + . .        t - +8 lance "Wyrmbane" {slay drac, rPois rF+ rC+ AC+3}
rCold   + . .        (no shield)
rNeg    . . .        (helmet restricted)
rPois   +            w - amulet of guardian spirit
rElec   .            g - +4 ring of protection
rCorr   .            K - ring of flight
SInv    .            (no ring)
Will    .....        (no ring)
Stlth   ++++         (no ring)
HPRegen 0.28/turn    (no ring)
MPRegen 0.14/turn    (no ring)
                     (no ring)

%: guardian spirit
@: flying
A: almost no armour, amphibious, 8 rings, camouflage 1, gelatinous body 1,
(nimble swimmer 1), tentacles
a: Renounce Religion


You were in a bailey.
You worshipped Vehumet.
Vehumet was pleased with you.
You visited 2 branches of the dungeon, and saw 9 of its levels.
You also visited: Sewer and Bailey.

You collected 406 gold pieces.
You spent 44 gold pieces at shops.

Inventory:

Hand Weapons
 b - a +0 mace
 c - a +0 dagger
 d - a +0 short sword
 t - the +8 lance "Wyrmbane" (weapon) {slay drac, rPois rF+ rC+ AC+3}
   (You found it on level 3 of the Dungeon)

   AC:        It affects your AC (+3).
   rF:        It protects you from fire.
   rC:        It protects you from cold.
   rPois:     It protects you from poison.
 C - a +3 hand axe
Missiles
 f - 4 boomerangs
 h - 84 stones
 k - 24 poisoned darts
 B - 4 atropa-tipped darts
Armour
 L - +1 acid dragon scales
Jewellery
 g - a +4 ring of protection (left tentacle)
 w - an amulet of guardian spirit (around mantle)
 K - a ring of flight (right tentacle)
Wands
 q - a wand of light (14)
 A - a wand of digging (3)
 E - a wand of charming (11)
Scrolls
 i - 2 scrolls of vulnerability {unknown}
 j - a scroll of fear {unknown}
 m - 3 scrolls of enchant weapon {unknown}
 r - 4 scrolls of immolation
 s - a scroll of torment {unknown}
 y - a scroll of blinking {unknown}
 z - a scroll of silence {unknown}
 D - 2 scrolls of magic mapping
 G - a scroll of teleportation
 H - a scroll of poison
 I - a scroll of amnesia {unknown}
Potions
 a - 3 potions of magic
 e - 2 potions of lignification
 l - a potion of mutation
 n - 4 potions of curing
 o - 3 potions of brilliance
 p - 2 potions of cancellation
 u - 2 potions of heal wounds
 v - a potion of might {unknown}
 x - 2 potions of haste
 F - a potion of ambrosia {unknown}
 J - a potion of berserk rage {unknown}


   Skills:
 + Level 1.1 Fighting
 - Level 3.8(5.4) Polearms
 * Level 5.9(6.4) Staves
 + Level 2.2 Dodging
 - Level 5.0 Stealth
 + Level 4.2 Spellcasting
 + Level 4.0 Conjurations
 - Level 1.0 Transmutations
 - Level 3.0 Air Magic
 - Level 8.0 Poison Magic


You had 5 spell levels left.
You knew the following spells:

 Your Spells              Type           Power      Damage    Failure   Level
a - Sting                 Tmut/Pois      92%        1d7       1%          1
b - Poisonous Vapours     Pois/Air       54%        N/A       1%          2
c - Mephitic Cloud        Conj/Pois/Air  25%        N/A       4%          3
d - Olgreb's Toxic Radia  Pois           38%        N/A       4%          4
e - Foxfire               Conj/Fire      48%        2x1d6     5%          1

Your spell library contained the following spells:

 Spells                   Type           Power      Damage    Failure   Level
 Shock                    Conj/Air       76%        1d7       2%          1
 Kiss of Death            Conj/Necr      48%        2d9       5%          1
 Swiftness                Air            17%        N/A       11%         3
 Apportation              Tloc           8%         N/A       12%         1
 Passwall                 Tmut/Erth      5%         N/A       14%         2
 Dazzling Flash           Conj/Hex       24%        N/A       16%         3
 Ensorcelled Hibernation  Hex/Ice        8%         N/A       19%         2
 Confusing Touch          Hex            4%         N/A       34%         3
 Portal Projectile        Hex/Tloc       8%         N/A       34%         3
 Summon Guardian Golem    Hex/Summ       4%         N/A       34%         3
 Tukima's Dance           Hex            4%         N/A       34%         3
 Alistair's Intoxication  Tmut/Pois      15%        N/A       45%         5
 Dispel Undead            Necr           4%         3d7       75%         4
 Silence                  Hex/Air        5%         N/A       87%         5
 Blade Hands              Tmut           4%         N/A       91%         5
 Agony                    Necr           4%         N/A       97%         5
 Orb of Destruction       Conj           10%        9d6       100%        7
 Spellforged Servitor     Conj/Summ      6%         N/A       100%        7


Dungeon Overview and Level Annotations

Branches:
Dungeon (8/15)             Temple (1/1) D:5           Sewer (visited)
 Bailey (1/1)
   Lair: D:8-11

Altars:
Cheibriados
Dithmenos
Qazlal
Ru
Vehumet
Xom
The Shining One

Shops:
D:2 !**

Annotations:
D:7 exclusion: dream sheep


Innate Abilities, Weirdness & Mutations

You cannot wear most types of armour.
You are amphibious.
You can wear up to eight rings at the same time.
Your skin changes colour to match your surroundings (Stealth+).
Your rubbery body absorbs attacks. (AC +1, EV +1)
((You are camouflaged when in or above water. (Stealth+)))
You have tentacles for arms and can constrict up to eight enemies at once.


Message History

The gargoyle closely misses you.
You hit the gargoyle but do no damage.
The gargoyle is severely damaged.
You constrict the gargoyle, but do no damage.
The gargoyle barely misses you.
You hit the gargoyle but do no damage.
The gargoyle is severely damaged.
You constrict the gargoyle, but do no damage.
The gargoyle closely misses you.
You catch the helpless gargoyle completely off-guard!
You puncture the gargoyle! Your squeeze misses the gargoyle.
The gargoyle is almost destroyed.
You constrict the gargoyle, but do no damage.
The gargoyle hurls a stone arrow at you.
The stone arrow misses you.
You hit the gargoyle but do no damage.
The gargoyle is almost destroyed.
You constrict the gargoyle, but do no damage.
The gargoyle hurls a stone arrow at you.
The stone arrow hits you!!
Unknown command.
You hit the gargoyle but do no damage.
You squeeze the gargoyle, but do no damage.
The gargoyle is almost destroyed.
You constrict the gargoyle, but do no damage.
Unknown command.
You hit the gargoyle but do no damage.
You squeeze the gargoyle, but do no damage.
The gargoyle is almost destroyed.
You constrict the gargoyle, but do no damage.
The gargoyle hurls a stone arrow at you.
The stone arrow misses you.
Unknown command.
You catch the helpless gargoyle completely off-guard!
You hit the gargoyle but do no damage.
The gargoyle is almost destroyed.
You constrict the gargoyle, but do no damage.
The gargoyle hurls a stone arrow at you.
The stone arrow hits you!!
You die...

...8..+ b....
......#.b.bb.
#######.b..bb
#..').+......
...#..# #++########
...#....#.....8#.8#
...#..).#......#..#
.♣.######..))..#9.#
...)......##...#@.#
....♣....##....#..#
...♣.....#....##..#
....♣...##...##...#
....♣..).##......8#
..........##....###
...........#...##
.....♣.♣...#..##
...........#..#


You could see a gargoyle (blind).

Vanquished Creatures
  2 black bears
  2 sky beasts
  An ice beast (D:6)
  An ogre (D:7)
  2 phantoms
  A kobold brigand (Sewer)
  6 scorpions
  6 wolf zombies (Bailey)
  A howler monkey (D:6)
  4 hounds
  2 orc priests
  2 jellies
  6 iguanas
  2 orc wizards (D:4)
  Natasha (thrice) (D:2)
  15 adders
  A shadow imp (D:7)
  A white imp (D:7)
  An ufetubus (D:5)
  A worm (D:4)
  2 dart slugs
  18 orcs
  3 endoplasms
  8 giant cockroaches
  7 goblins
  5 hobgoblins
  3 jackals (D:4)
  3 quokkas
  9 ball pythons
  15 bats
  8 frilled lizards
  18 kobolds
  15 orc zombies (Bailey)
  8 rats
182 creatures vanquished.

Vanquished Creatures (others)
  12 foxfires
12 creatures vanquished.

Grand Total: 194 creatures vanquished

Notes
Turn   | Place    | Note
-------+----------+-------------------------------------------
     0 | D:1      | Midpoint the Octopode Venom Mage began the quest for the
                  | Orb.
     0 | D:1      | Reached XP level 1. HP: 11/11 MP: 3/3
   151 | D:1      | Reached XP level 2. HP: 17/17 MP: 3/5
   152 | D:1      | Reached skill level 4 in Poison Magic
   155 | D:1      | Learned a level 2 spell: Poisonous Vapours
   449 | D:1      | Reached XP level 3. HP: 20/21 MP: 2/6
  1008 | D:2      | Found Qesam's General Store.
  1044 | D:2      | Learned a level 3 spell: Mephitic Cloud
  1095 | D:2      | Noticed Natasha
  1116 | D:2      | Killed Natasha
  1117 | D:2      | Reached XP level 4. HP: 19/27 MP: 1/7
  1326 | D:2      | Reached skill level 5 in Poison Magic
  1409 | D:2      | Found Segerph's Distillery.
  1420 | D:2      | Reached skill level 5 in Stealth
  1425 | D:2      | Bought a potion of degeneration for 14 gold pieces
  1552 | D:2      | Noticed Natasha
  1572 | D:2      | Killed Natasha
  1573 | D:2      | Reached XP level 5. HP: 15/31 MP: 1/8
  1801 | D:2      | Found Somou's General Store.
  1807 | D:2      | Bought a potion of lignification for 30 gold pieces
  1928 | D:2      | Noticed Natasha
  1937 | D:2      | Killed Natasha
  2190 | D:3      | Found the +8 lance "Wyrmbane" {slay drac, rPois rF+ rC+
                  | AC+3}
  2464 | D:4      | Reached skill level 1 in Polearms
  2464 | D:4      | Reached skill level 1 in Conjurations
  2464 | D:4      | Reached skill level 1 in Air Magic
  2524 | D:4      | Reached skill level 6 in Poison Magic
  2524 | D:4      | Reached XP level 6. HP: 31/37 MP: 5/9
  2526 | D:4      | Found a stormy altar of Qazlal.
  2694 | D:4      | Found a glowing drain.
  2698 | Sewer    | Entered a sewer
  3196 | D:4      | Reached XP level 7. HP: 42/42 MP: 10/10
  3455 | D:4      | Found a sacrificial altar of Ru.
  3733 | D:5      | Entered Level 5 of the Dungeon
  4078 | D:5      | Reached skill level 1 in Staves
  4088 | D:5      | Found a staircase to the Ecumenical Temple.
  4097 | Temple   | Entered the Ecumenical Temple
  4108 | Temple   | Became a worshipper of Vehumet
  4114 | Temple   | Learned a level 4 spell: Olgreb's Toxic Radiance
  4397 | D:6      | Reached skill level 7 in Poison Magic
  4397 | D:6      | Reached XP level 8. HP: 47/47 MP: 11/11
  5076 | D:6      | Reached * piety under Vehumet
  5076 | D:6      | Offered knowledge of Foxfire by Vehumet.
  5081 | D:6      | Learned a level 1 spell: Foxfire
  5461 | D:7      | Reached skill level 8 in Poison Magic
  5461 | D:7      | Reached XP level 9. HP: 52/52 MP: 9/14
  5525 | D:7      | Reached skill level 5 in Staves
  5808 | D:7      | Found a shimmering altar of Xom.
  5820 | D:7      | Found a shimmering altar of Xom.
  5851 | D:7      | Found a glowing golden altar of the Shining One.
  5894 | D:7      | Found a shimmering altar of Xom.
  5894 | D:7      | Found a shimmering altar of Xom.
  5894 | D:7      | Found a shimmering altar of Xom.
  6025 | D:7      | Found a shimmering altar of Xom.
  6358 | D:8      | Found a flagged portal.
  6409 | D:8      | Found a snail-covered altar of Cheibriados.
  6423 | D:8      | Noticed a cyclops
  6431 | Bailey   | Entered a bailey
  6556 | Bailey   | Reached skill level 1 in Fighting
  6704 | Bailey   | Reached ** piety under Vehumet
  6717 | Bailey   | Offered knowledge of Shock by Vehumet.
  6816 | Bailey   | Noticed a gargoyle
  6846 | Bailey   | Killed from afar by a gargoyle

Illustrated notes

Levels and vault maps discovered:
D:1:      minmay_arrival_cross, layout_basic, hex_medium
D:2:      layout_loops_corners, serial_shops, nicolae_shop_real_fake_doors,
          shop, shop, minmay_misc_feat_secret_circle, uniq_natasha
D:3:      layout_loops_corners, minmay_cupped
D:4:      layout_loops_ring, lemuel_coloured_pillars_altar,
          nicolae_ru_great_annihilating_truth, gup_sewer_entry_spiral
D:5:      layout_loops_ring, minmay_temple_entry_nine_rooms, dk_rats_in_the_wall
D:6:      layout_loops_ring, minmay_diced_spiral
D:7:      layout_basic, lemuel_doored_altar, xom_shifter_show,
          dreamdust_gnoll_shepherd
D:8:      kennysheep_spiral_hall, layout_gridville,
          nicolae_overflow_hidden_temple, enter_bailey_2
Temple:   hellmonk_temple_forest_ring
Bailey:   bailey_polearm_vampire_castle_hellmonk, bailey

Skill      XL: |  1  2  3  4  5  6  7  8  9 |
---------------+----------------------------+-----
Stealth        | 3 4 5 |  5.0
Poison Magic   | 4 5 6 7 8 |  8.0
Polearms       | 1 3 |  3.8
Conjurations   | 1 2 3 4 |  4.0
Air Magic      | 1 2 3 |  3.0
Staves         | 1 4 5 |  5.9
Spellcasting   | 3 4 |  4.2
Fighting       | 1 |  1.1
Dodging        | |  2.2
Transmutations | |  1.0

Action                     |  1- 3 |  4- 6 |  7- 9 || total
---------------------------+-------+-------+-------++-------
  Melee: Dagger            |    53 |    33 |       ||    86
         Constrict         |    14 |    24 |    23 ||    61
         Mace              |     2 |       |       ||     2
         Tentacles         |     6 |    17 |    32 ||    55
         Lance             |       |    88 |   243 ||   331
         Punch             |       |       |     1 ||     1
   Cast: Sting             |    21 |    25 |     6 ||    52
         Poisonous Vapours |     3 |     9 |    13 ||    25
         Mephitic Cloud    |       |     1 |       ||     1
         Olgreb's Toxic Ra |       |       |     6 ||     6
         Foxfire           |       |       |     8 ||     8
  Evoke: Wand              |       |       |     1 ||     1
    Use: Potion            |     2 |       |       ||     2
         Scroll            |       |     3 |     5 ||     8
   Stab: Sleeping          |     4 |    28 |    20 ||    52
         Distracted        |       |     2 |       ||     2
         Confused          |       |     1 |       ||     1
         Invisible         |       |       |     3 ||     3
 Armour: Skin              |    12 |    12 |    20 ||    44
  Dodge: Dodged            |    49 |    53 |    69 ||   171
